 Dungeon Crawl Stone Soup version 0.28.0-53-g5a82cb258f (webtiles) character file.

Game seed: 1227640912526037814

17 Zeld the Skirmisher (level 2, 0/27 HPs)
             Began as a Minotaur Berserker on May 29, 2022.
             Was a Follower of Trog.
             Slain by a jackal (2 damage)
             ... on level 1 of the Dungeon.
             The game lasted 00:00:29 (700 turns).

Zeld the Skirmisher (Minotaur Berserker)             Turns: 700, Time: 00:00:30

Health: 0/27       AC:  2    Str: 21    XL:     2   Next: 44%
Magic:  1/1        EV: 12    Int:  4    God:    Trog [*.....]
Gold:   41         SH:  0    Dex:  9    Spells: 1/1 levels left

rFire   . . .      SeeInvis .   a - +0 hand axe
rCold   . . .      Faith    .   (no shield)
rNeg    . . .      Spirit   .   b - +0 animal skin
rPois   .          Reflect  .   (helmet restricted)
rElec   .          Harm     .   (no cloak)
rCorr   .          Rampage  .   (no gloves)
Will    .....                   (no boots)
Stlth   +.........              (no amulet)
HPRegen 0.09/turn               (no ring)
MPRegen 0.07/turn               (no ring)

@: no status effects
A: horns 2, retaliatory headbutt
a: Renounce Religion, Berserk


You were on level 1 of the Dungeon.
You worshipped Trog.
Trog was aware of your devotion.
You visited 1 branch of the dungeon, and saw 1 of its levels.

You collected 41 gold pieces.

Inventory:

Hand Weapons
 a - a +0 hand axe (weapon)
Armour
 b - a +0 animal skin (worn)
Scrolls
 c - a scroll of blinking {unknown}
 d - a scroll of identify {unknown}
Potions
 e - a potion of might {unknown}


   Skills:
 * Level 4.0 Fighting
 * Level 4.0 Axes
 + Level 2.7 Armour
 + Level 2.4 Dodging


You had one spell level left.
You didn't know any spells.
Your spell library was empty.

Dungeon Overview and Level Annotations

Branches:
Dungeon (1/15)

Altars:


Innate Abilities, Weirdness & Mutations

You have a pair of horns on your head.
You reflexively headbutt those who attack you in melee.


Message History

You barely miss the jackal. Your headbutt misses the jackal.
You hit the quokka. The quokka bites you.
The jackal bites you but does no damage.
You hit the jackal but do no damage. Your headbutt misses the jackal.
You miss the quokka. The quokka barely misses you. You furiously retaliate!
You headbutt the quokka!
You kill the quokka!
Trog accepts your kill. The jackal bites you.
* * * LOW HITPOINT WARNING * * *
You hit the kobold. Your headbutt misses the kobold.
The kobold is heavily wounded.
You hit the jackal. You closely miss the jackal. The jackal bites you.
* * * LOW HITPOINT WARNING * * *
The jackal bites you but does no damage.
The kobold hits you with a +0 dagger.
* * * LOW HITPOINT WARNING * * *
The jackal completely misses you. You furiously retaliate!
You headbutt the jackal. You completely miss the jackal.
The jackal is almost dead.
You closely miss the jackal. You hit the kobold.
You kill the kobold!
Trog accepts your kill.
You closely miss the jackal. The jackal bites you.
* * * LOW HITPOINT WARNING * * *
The jackal misses you. The jackal closely misses you.
The jackal bites you but does no damage.
Your Axes skill increases to level 4!
Unknown command.
You hit the jackal but do no damage. You headbutt the jackal.
You kill the jackal!
Trog accepts your kill.
You hit the jackal but do no damage. You miss the jackal.
The jackal bites you but does no damage.
The jackal misses you. The jackal bites you.
* * * LOW HITPOINT WARNING * * *
Unknown command.
The jackal bites you.
You die...

#.........#
#.........#
#.........#
########.##
#.#########
######.##......#
#
#..............#
#
#.....)).......#
####
#......h@h......#
#...
#.........##....#
#... ...........+
.... #...
...........# ...
#### ...........#
.. # ..........#.
. # ..#####.#. #
.. ....# # #


You could see 2 jackals.

Vanquished Creatures
  An endoplasm (D:1)
  2 goblins (D:1)
  2 jackals (D:1)
  2 kobolds (D:1)
  3 quokkas (D:1)
  2 ball pythons (D:1)
  3 bats (D:1)
  A rat (D:1)
16 creatures vanquished.

Notes
Turn   | Place    | Note
-------+----------+-------------------------------------------
     0 | D:1      | Zeld the Minotaur Berserker began the quest for the Orb.
     0 | D:1      | Reached XP level 1. HP: 19/19 MP: 0/0
   504 | D:1      | Reached XP level 2. HP: 13/27 MP: 1/1
   700 | D:1      | Slain by a jackal

Illustrated notes

Levels and vault maps discovered:
D:1:      evilmike_arrival_fibonacci_small, layout_basic

Skill      XL: |  1  2 |
---------------+-------+-----
Fighting       | 4 |  4.0
Axes           | 4 |  4.0
Armour         | |  2.7
Dodging        | |  2.4

Action                   || total
-------------------------++-------
Melee: Hand axe          ||    33
       Headbutt          ||     4
Armor: Animal skin       ||    23
Dodge: Dodged            ||    35
